PAAA
SALT LAKE CITY BUZZ @ NAPERVILLE BATTLEKINGS
06/20/2021
 
TOP OF THE 1ST
Salt Lake City Buzz batting - Pitching for Naperville Battlekings : LHP Dusty Muhidini
Pitching: LHP Dusty Muhidini
Batting: RHB Roberto Ríos 0-0: Called Strike
0-1: Swinging Strike
0-2: Ball
1-2: Foul Ball, location: 2F
1-2: Foul Ball, location: 2F
1-2: Ball
2-2: SINGLE (Groundball, 34)
Batting: RHB Ichiyo Fujii 0-0: Called Strike
0-1: SINGLE (Line Drive, 4D)
Roberto Ríos to second
Batting: SHB Raymond Bright 0-0: Ball
1-0: Ball
2-0: Called Strike
2-1: Foul Ball, location: 2F
2-2: Ball
3-2: Grounds into double play, 6-4-3 (Groundball, 6M)
Roberto Ríos to third
Batting: LHB Martín Núñes 0-0: Called Strike
0-1: Foul Ball, location: 2F
0-2: Strikes out swinging
Top of the 1st over - 0 run(s), 2 hit(s), 0 error(s), 1 left on base; Salt Lake City 0 - Naperville 0
BOTTOM OF THE 1ST
Naperville Battlekings batting - Pitching for Salt Lake City Buzz : RHP Huai-yu Kan
Pitching: RHP Huai-yu Kan
Batting: LHB Alfonso Martínez 0-0: Ball
1-0: Foul Ball, location: 2F
1-1: Fly out, F8 (Line Drive, 8RM)
Batting: RHB Tim Little 0-0: Ball
1-0: Called Strike
1-1: Ball
2-1: Swinging Strike
2-2: Ball
3-2: Fly out, F4 (Line Drive, 4)
Batting: SHB Daryl Lloyd 0-0: Called Strike
0-1: Ground out 4-3 (Groundball, 13)
Bottom of the 1st over - 0 run(s), 0 hit(s), 0 error(s), 0 left on base; Salt Lake City 0 - Naperville 0
TOP OF THE 2ND
Salt Lake City Buzz batting - Pitching for Naperville Battlekings : LHP Dusty Muhidini
Batting: LHB Fernando González 0-0: DOUBLE (Flyball, 9LM)
Batting: RHB Larry Brown 0-0: Ball
1-0: Ball
2-0: Foul Ball, location: 2F
2-1: Fly out, F7 (Flyball, 7LMF)
Batting: RHB Don MacNeilage 0-0: Ball
1-0: Ball
2-0: Ball
3-0: Base on Balls
Batting: RHB Archie Green 0-0: Called Strike
0-1: Ball
1-1: Ball
Wild Pitch!
Fernando González to third
Don MacNeilage to second
2-1: Called Strike
2-2: Ball
3-2: Foul Ball, location: 2F
3-2: Strikes out swinging
Batting: RHB Bernardo Cruz 0-0: Ball
1-0: Foul Ball, location: 2F
1-1: Swinging Strike
1-2: Ball
2-2: SINGLE (Line Drive, 8LS)
Fernando González scores
Don MacNeilage to third
Batting: RHB Roberto Ríos 0-0: Swinging Strike
0-1: Foul Ball, location: 2F
0-2: Ball
1-2: Fly out, F8 (Flyball, 8LM)
Top of the 2nd over - 1 run(s), 2 hit(s), 0 error(s), 2 left on base; Salt Lake City 1 - Naperville 0
BOTTOM OF THE 2ND
Naperville Battlekings batting - Pitching for Salt Lake City Buzz : RHP Huai-yu Kan
Batting: LHB Eddie Flynn 0-0: Called Strike
0-1: Ball
1-1: Ball
2-1: Foul Ball, location: 2F
2-2: SINGLE (Groundball, 4M)
Batting: RHB Joe Ferneyhough 0-0: Ball
1-0: Ball
2-0: Foul Ball, location: 2F
2-1: Ball
3-1: Base on Balls
Eddie Flynn to second
Batting: LHB Jack Mason 0-0: Swinging Strike
0-1: Ball
1-1: Ball
2-1: Foul Ball, location: 2F
2-2: Foul Ball, location: 2F
2-2: Foul Ball, location: 2F
2-2: Ball
3-2: Foul Ball, location: 2F
3-2: Fly out, F6 (Popup, 56D)
Batting: LHB Vicente Martínez 0-0: Called Strike
0-1: Ball
1-1: Fly out, F9 (Flyball, 89D)
Runner from 2nd tags up, SAFE at 3rd, no throw
Batting: RHB Tony Sánchez 0-0: Swinging Strike
0-1: Fly out, F9 (Flyball, 9S)
Bottom of the 2nd over - 0 run(s), 1 hit(s), 0 error(s), 2 left on base; Salt Lake City 1 - Naperville 0
TOP OF THE 3RD
Salt Lake City Buzz batting - Pitching for Naperville Battlekings : LHP Dusty Muhidini
Batting: RHB Ichiyo Fujii 0-0: Called Strike
0-1: Fly out, F9 (Flyball, 89M)
Batting: SHB Raymond Bright 0-0: Ball
1-0: Ball
2-0: SINGLE (Groundball, 4M)
Batting: LHB Martín Núñes 0-0: Ball
Pickoff Throw by Catcher to First - Out!
1-0: Called Strike
1-1: Swinging Strike
1-2: Foul Ball, location: 2F
1-2: Ball
2-2: Foul Ball, location: 2F
2-2: Strikes out looking
Top of the 3rd over - 0 run(s), 1 hit(s), 0 error(s), 0 left on base; Salt Lake City 1 - Naperville 0
BOTTOM OF THE 3RD
Naperville Battlekings batting - Pitching for Salt Lake City Buzz : RHP Huai-yu Kan
Batting: SHB Avery Little 0-0: Called Strike
0-1: Ball
1-1: Called Strike
1-2: Strikes out swinging
Batting: LHB Alfonso Martínez 0-0: SINGLE (Line Drive, 4M)
Batting: RHB Tim Little 0-0: Called Strike
Alfonso Martínez steals 2nd base
0-1: Fly out, F7 (Flyball, 7S)
Batting: SHB Daryl Lloyd 0-0: Ball
1-0: Ball
2-0: Ball
3-0: SINGLE (Groundball, 56D)
Alfonso Martínez to third
Runner from 3rd tries for Home, SAFE, no throw or cutoff
Batting: LHB Eddie Flynn 0-0: Called Strike
Daryl Lloyd is caught stealing 2nd base
Bottom of the 3rd over - 1 run(s), 2 hit(s), 0 error(s), 0 left on base; Salt Lake City 1 - Naperville 1
TOP OF THE 4TH
Salt Lake City Buzz batting - Pitching for Naperville Battlekings : LHP Dusty Muhidini
Batting: LHB Fernando González 0-0: Ball
1-0: Called Strike
1-1: Called Strike
1-2: Strikes out swinging
Batting: RHB Larry Brown 0-0: Called Strike
0-1: SINGLE (Line Drive, 6D)
Batting: RHB Don MacNeilage 0-0: Fly out, F7 (Flyball, 7LD)
Batting: RHB Archie Green 0-0: Fly out, F8 (Flyball, 8LD)
Top of the 4th over - 0 run(s), 1 hit(s), 0 error(s), 1 left on base; Salt Lake City 1 - Naperville 1
BOTTOM OF THE 4TH
Naperville Battlekings batting - Pitching for Salt Lake City Buzz : RHP Huai-yu Kan
Batting: LHB Eddie Flynn 0-0: Ball
1-0: Ball
2-0: Ball
3-0: Called Strike
3-1: Base on Balls
Batting: RHB Joe Ferneyhough 0-0: SINGLE (Line Drive, 8LS)
Eddie Flynn to second
Batting: LHB Jack Mason 0-0: Ball
Wild Pitch!
Eddie Flynn to third
Joe Ferneyhough to second
1-0: Fly out, F7 (Popup, 5DF)
Batting: LHB Vicente Martínez 0-0: Called Strike
0-1: Ball
1-1: Ball
2-1: Ball
3-1: Base on Balls
Batting: RHB Tony Sánchez 0-0: Ball
1-0: Ball
2-0: Ball
3-0: Foul Ball, location: 2F
3-1: SINGLE (Line Drive, 6D)
Eddie Flynn scores
Joe Ferneyhough to third
Vicente Martínez to second
Batting: SHB Avery Little 0-0: Foul Ball, location: 2F
0-1: Foul Ball, location: 2F
0-2: Fly out, F8 (Line Drive, 8LM)
Runner from 3rd tags up, SCORES, throw made
Batting: LHB Alfonso Martínez 0-0: Ball
1-0: Called Strike
1-1: Foul Ball, location: 2F
1-2: Ground out U3 (Groundball, 3S)
Bottom of the 4th over - 2 run(s), 2 hit(s), 0 error(s), 2 left on base; Salt Lake City 1 - Naperville 3
TOP OF THE 5TH
Salt Lake City Buzz batting - Pitching for Naperville Battlekings : LHP Dusty Muhidini
Batting: RHB Bernardo Cruz 0-0: Ball
1-0: Ball
2-0: Foul Ball, location: 2F
2-1: Ball
3-1: Fly out, F8 (Line Drive, 8RS)
Batting: RHB Roberto Ríos 0-0: Ball
1-0: Called Strike
1-1: SINGLE (Groundball, 6MD)
Batting: RHB Ichiyo Fujii 0-0: Called Strike
0-1: Ball
1-1: Ball
2-1: Ball
3-1: Foul Ball, location: 2F
3-2: Strikes out swinging
Throwing error on steal attempt, E2
Roberto Ríos to third
Batting: SHB Raymond Bright 0-0: Foul Ball, location: 2F
0-1: Called Strike
0-2: Foul Ball, location: 2F
0-2: Strikes out looking
Top of the 5th over - 0 run(s), 1 hit(s), 1 error(s), 1 left on base; Salt Lake City 1 - Naperville 3
BOTTOM OF THE 5TH
Naperville Battlekings batting - Pitching for Salt Lake City Buzz : RHP Huai-yu Kan
Batting: RHB Tim Little 0-0: SINGLE (Line Drive, 89S)
Batting: SHB Daryl Lloyd 0-0: Called Strike
Tim Little steals 2nd base
0-1: Ball
1-1: Ball
2-1: Ground out 6-3 (Groundball, 6)
Tim Little to third
Batting: LHB Eddie Flynn 0-0: Ball
1-0: Ball
2-0: SINGLE (Flyball, 9S)
Tim Little scores
Batting: RHB Joe Ferneyhough 0-0: Ball
1-0: Ball
2-0: SINGLE (Groundball, 4M)
Eddie Flynn to second
Batting: LHB Jack Mason 0-0: SINGLE (Line Drive, 6MD)
Eddie Flynn to third
Joe Ferneyhough to second
Runner from 3rd tries for Home, throw and OUT!
Joe Ferneyhough to third
Jack Mason to second
Batting: LHB Vicente Martínez 0-0: Foul Ball, location: 2F
0-1: Ball
1-1: Reached on Error, E7 (Flyball, 7M)
Joe Ferneyhough scores
Jack Mason scores
Batting: RHB Tony Sánchez 0-0: Called Strike
0-1: Ball
1-1: Swinging Strike
1-2: Ground out 5-3 (Groundball, 56)
Bottom of the 5th over - 3 run(s), 4 hit(s), 1 error(s), 1 left on base; Salt Lake City 1 - Naperville 6
TOP OF THE 6TH
Salt Lake City Buzz batting - Pitching for Naperville Battlekings : LHP Dusty Muhidini
Now at C: Jim Unknown
Batting: LHB Martín Núñes 0-0: Foul Ball, location: 2F
0-1: Ball
1-1: Ball
2-1: Ball
3-1: Base on Balls
Batting: LHB Fernando González 0-0: Foul Ball, location: 2F
0-1: Ball
1-1: Foul Ball, location: 2F
1-2: Fly out, F9 (Line Drive, 9M)
Batting: RHB Larry Brown 0-0: Called Strike
0-1: Foul Ball, location: 2F
Pickoff Throw to First - Out!
0-2: Fly out, F8 (Flyball, 8RXD)
Top of the 6th over - 0 run(s), 0 hit(s), 0 error(s), 0 left on base; Salt Lake City 1 - Naperville 6
BOTTOM OF THE 6TH
Naperville Battlekings batting - Pitching for Salt Lake City Buzz : RHP Huai-yu Kan
Pitching: RHP Mike Hickey
Batting: SHB Avery Little 0-0: Fly out, F3 (Popup, 3SF)
Batting: LHB Alfonso Martínez 0-0: Called Strike
0-1: Called Strike
0-2: Strikes out swinging
Batting: RHB Tim Little 0-0: Ball
1-0: Ball
2-0: Ball
3-0: Called Strike
3-1: Base on Balls
Batting: SHB Daryl Lloyd 0-0: Called Strike
Tim Little is caught stealing 2nd base
Bottom of the 6th over - 0 run(s), 0 hit(s), 0 error(s), 0 left on base; Salt Lake City 1 - Naperville 6
TOP OF THE 7TH
Salt Lake City Buzz batting - Pitching for Naperville Battlekings : LHP Dusty Muhidini
Batting: RHB Don MacNeilage 0-0: Ball
1-0: Ball
2-0: Ball
3-0: Base on Balls
Batting: RHB Archie Green 0-0: Foul Ball, location: 2F
0-1: Ball
1-1: Swinging Strike
1-2: Foul Ball, location: 2F
1-2: Ball
2-2: Foul Ball, location: 2F
2-2: Ball
3-2: Strikes out swinging
Batting: RHB Bernardo Cruz 0-0: Called Strike
0-1: Ball
1-1: Ball
2-1: Grounds into double play, 5-4-3 (Groundball, 5L)
Top of the 7th over - 0 run(s), 0 hit(s), 0 error(s), 0 left on base; Salt Lake City 1 - Naperville 6
BOTTOM OF THE 7TH
Naperville Battlekings batting - Pitching for Salt Lake City Buzz : RHP Mike Hickey
Batting: SHB Daryl Lloyd 0-0: Ball
Reached via error on a dropped throw, E1
Batting: LHB Jim Unknown 0-0: Ball
1-0: SINGLE (Line Drive, 6)
Daryl Lloyd to second
Batting: RHB Joe Ferneyhough 0-0: Ball
1-0: SINGLE (Groundball, 4D)
Daryl Lloyd to third
Jim Unknown to second
Batting: LHB Jack Mason 0-0: Ball
1-0: Called Strike
1-1: Foul Ball, location: 2F
1-2: Strikes out swinging
Batting: LHB Vicente Martínez 0-0: Swinging Strike
0-1: Swinging Strike
0-2: Ball
1-2: Strikes out looking
Batting: RHB Tony Sánchez 0-0: Foul Ball, location: 2F
0-1: Ball
1-1: SINGLE (Line Drive, 56)
Daryl Lloyd scores
Jim Unknown to third
Joe Ferneyhough to second
Runner from 3rd tries for Home, SAFE, throw made home
Joe Ferneyhough to third
Tony Sánchez to second
Batting: SHB Avery Little 0-0: Ball
1-0: Ball
2-0: Fly out, F7 (Flyball, 7D)
Bottom of the 7th over - 2 run(s), 3 hit(s), 1 error(s), 2 left on base; Salt Lake City 1 - Naperville 8
TOP OF THE 8TH
Salt Lake City Buzz batting - Pitching for Naperville Battlekings : LHP Dusty Muhidini
Batting: RHB Roberto Ríos 0-0: Ball
1-0: Ball
2-0: Ball
3-0: Called Strike
3-1: Base on Balls
Batting: RHB Ichiyo Fujii 0-0: Ball
1-0: TRIPLE (Line Drive, 8RD)
Roberto Ríos scores
Batting: SHB Raymond Bright 0-0: Ball
1-0: Ball
2-0: Ball
3-0: Base on Balls
Batting: LHB Martín Núñes 0-0: Grounds into double play, 1-6-3 (Groundball, 25)
Batting: LHB Fernando González 0-0: Ball
Passed Ball!
Ichiyo Fujii scores
1-0: Ball
2-0: Called Strike
2-1: Ground out 5-3 (Groundball, 5)
Top of the 8th over - 2 run(s), 1 hit(s), 0 error(s), 0 left on base; Salt Lake City 3 - Naperville 8
BOTTOM OF THE 8TH
Naperville Battlekings batting - Pitching for Salt Lake City Buzz : RHP Mike Hickey
Batting: LHB Alfonso Martínez 0-0: Fly out, F9 (Line Drive, 89D)
Batting: RHB Tim Little 0-0: Ball
1-0: Ball
2-0: SOLO HOME RUN (Flyball, 78XD), Distance : 404 ft
Batting: SHB Daryl Lloyd 0-0: Ball
1-0: SINGLE (Groundball, 34D)
Batting: LHB Jim Unknown 0-0: Ball
1-0: Ball
Daryl Lloyd steals 2nd base
2-0: Fly out, F7 (Line Drive, 7M)
Batting: RHB Joe Ferneyhough 0-0: Ground out 6-3 (Groundball, 6)
Bottom of the 8th over - 1 run(s), 2 hit(s), 0 error(s), 1 left on base; Salt Lake City 3 - Naperville 9
TOP OF THE 9TH
Salt Lake City Buzz batting - Pitching for Naperville Battlekings : LHP Dusty Muhidini
Pitching: RHP Ramón Elizondo
Batting: RHB Larry Brown 0-0: Ball
1-0: Ball
2-0: Foul Ball, location: 2F
2-1: Foul Ball, location: 2F
2-2: Ground out 4-3 (Groundball, 13)
Batting: RHB Don MacNeilage 0-0: Ball
1-0: Called Strike
1-1: Ball
2-1: Foul Ball, location: 2F
2-2: Reached on error, E5 (Groundball, 5L)
Batting: RHB Archie Green 0-0: Called Strike
0-1: Ball
1-1: SINGLE (Line Drive, 9LM)
Don MacNeilage to second
Batting: RHB Bernardo Cruz 0-0: Grounds into double play, 1-6-3 (Groundball, 15)
Top of the 9th over - 0 run(s), 1 hit(s), 1 error(s), 1 left on base; Salt Lake City 3 - Naperville 9
This league is powered by Out of the Park Baseball, the baseball management simulation game for PC, Mac and Linux
Friday, January 22nd, 2016 - OOTP Baseball 16.9 Build 39